 Dungeon Crawl Stone Soup version 0.30.1-9-gdf580d7c3d (webtiles) character file.

Game seed: 14809422684418003165

155265 sizableburger the Brawler (level 17, -1/144 HPs)
             Began as a Mummy Monk on Sept 24, 2023.
             Was the Champion of Wu Jian.
             Slain by a shadow (4 damage)
             ... while paralysed by a great orb of eyes
             ... on level 4 of the Swamp on Sept 25, 2023.
             The game lasted 01:14:42 (34028 turns).

sizableburger the Brawler (Mummy Monk)             Turns: 34028, Time: 01:14:43

Health: -1/144     AC: 46    Str: 23    XL:     17   Next: 8%
Magic:  26/26      EV:  2    Int:  9    God:    Wu Jian [******]
Gold:   2774       SH:  0    Dex: 25    Spells: 16/16 levels left

rFire   . .          .
                       - Unarmed
rCold   + + .        b - orb {light}
rNeg    + + +        E - +3 crystal plate armour {rC+}
rPois   ∞            e - +2 helmet
rElec   .            f - +2 cloak
rCorr   .            y - +1 pair of gloves of Darkness {rF+}
SInv    .            t - +2 pair of boots
Will    ++...        w - amulet "Apirchef" {Reflect -Tele MP+9 Str+2 Dex+9 SH+5} Stlth
                     d - +4 ring of protection
HPRegen 0.44/turn    a - +4 ring of protection
MPRegen 0.20/turn

%: no teleportation, reflection, faith
@: paralysed, exhausted, in a heavenly storm, glowing, studying 2 skills, very
slow
A: cold resistance 1, negative energy resistance 3, torment resistance 2, heat
vulnerability 1, in touch with death 2, no potions, faith
a: Renounce Religion, Wall Jump, Serpent's Lash, Heavenly Storm


You were on level 4 of the Swamp.
You worshipped Wu Jian.
Wu Jian was exalted by your worship.
You visited 6 branches of the dungeon, and saw 28 of its levels.
You also visited: Ossuary and Ice Cave.

You collected 3577 gold pieces.
You spent 803 gold pieces at shops.

Inventory:

Missiles
 n - 2 throwing nets (quivered)
 C - 3 curare-tipped darts
Armour
 b - an orb of light (worn)
 e - a +2 helmet (worn)
 f - a +2 cloak (worn)
 m - +0 swamp dragon scales
 t - a +2 pair of boots (worn)
 y - the +1 pair of gloves of Darkness (worn) {rF+}
   (You acquired it on level 7 of the Dungeon)

   rF:        It protects you from fire.
 E - a +3 crystal plate armour of cold resistance (worn)
 P - a +4 plate armour of willpower
Jewellery
 a - a +4 ring of protection (right hand)
 d - a +4 ring of protection (left hand)
 h - a +6 ring of dexterity
 i - a ring of ice
 o - a +4 ring of slaying
 w - the amulet "Apirchef" (around neck) {Reflect -Tele MP+9 Str+2 Dex+9 SH+5}
   (You found it on level 4 of the Lair of Beasts)

   [amulet of reflection]

   It reflects blocked missile attacks.
   Str:       It affects your strength (+2).
   Dex:       It affects your dexterity (+9).
   MP:        It affects your magic capacity (+9).
   -Tele:     It prevents most forms of teleportation.
   SH:        It affects your SH (+5).
 F - a ring of magical power
 G - an amulet of guardian spirit
 J - a +6 ring of intelligence
 L - a ring of ice
 M - the ring "Ruiluxon" {Wiz Dex+3}
   (You found it on level 1 of the Swamp)

   [ring of wizardry]

   It improves your spell success rate.
   Dex:       It affects your dexterity (+3).
Wands
 c - a wand of paralysis (28)
 g - a wand of quicksilver (26)
 l - a wand of flame (4)
 q - a wand of polymorph (16)
 s - a wand of iceblast (24)
 z - a wand of digging (7)
Scrolls
 j - 6 scrolls of teleportation
 k - 3 scrolls of butterflies
 p - 2 scrolls of silence
 r - 4 scrolls of poison
 u - 6 scrolls of amnesia
 v - 2 scrolls of fog
 x - 15 scrolls of identify
 A - 2 scrolls of immolation
 B - 5 scrolls of fear
 H - 2 scrolls of magic mapping
Miscellaneous
 I - a phantom mirror
 K - a phial of floods


   Skills:
 + Level 15.9 Fighting
 - Level 4.0 Throwing
 + Level 12.3 Armour
 - Level 9.5 Dodging
 + Level 19.4 Unarmed Combat
 - Level 3.8 Evocations


You had 16 spell levels left.
You didn't know any spells.
Your spell library contained the following spells:

 Spells                   Type           Power      Damage    Failure   Level
 Shock                    Conj/Air       0%         1d3       100%        1
 Dazzling Flash           Conj/Hex       0%         N/A       100%        3
 Hailstorm                Conj/Ice       0%         3d3       100%        3
 Inner Flame              Hex/Fire       0%         N/A       100%        3
 Ozocubu's Armour         Ice            0%         N/A       100%        3
 Swiftness                Air            0%         N/A       100%        3
 Volatile Blastmotes      Fire/Tloc      0%         2d10      100%        3
 Airstrike                Air            0%         2d(0-16)  100%        4
 Animate Armour           Summ/Erth      0%         N/A       100%        4
 Flame Wave               Conj/Fire      0%         2d4       100%        4
 Iskenderun's Mystic Bla  Conj/Tloc      0%         2d3       100%        4
 Manifold Assault         Tloc           0%         N/A       100%        4
 Sticky Flame             Conj/Fire      0%         2d3       100%        4
 Agony                    Necr           0%         N/A       100%        5
 Silence                  Hex/Air        0%         N/A       100%        5
 Yara's Violent Unravell  Hex/Tmut       0%         3d3       100%        5
 Dispersal                Tloc           0%         N/A       100%        6
 Iron Shot                Conj/Erth      0%         9d1       100%        6
 Simulacrum               Ice/Necr       0%         N/A       100%        6
 Starburst                Conj/Fire      0%         6d3       100%        6
 Enfeeble                 Hex            0%         N/A       100%        7
 Ozocubu's Refrigeration  Ice            0%         4d7       100%        7
 Summon Hydra             Summ           0%         N/A       100%        7
 Disjunction              Tloc           0%         N/A       100%        8
 Sublimation of Blood     Necr           Unusable   N/A       N/A         2
 Wereblood                Tmut           Unusable   N/A       N/A         2
 Ice Form                 Ice/Tmut       Unusable   N/A       N/A         4
 Blade Hands              Tmut           Unusable   N/A       N/A         5

Dungeon Overview and Level Annotations

Branches:
Dungeon (15/15)            Temple (1/1) D:5            Lair (5/5) D:8
  Swamp (4/4) Lair:2        Snake (0/4) Lair:2        Slime (0/5) Lair:4
    Orc (2/2) D:11            Elf (1/3) Orc:2        Vaults (0/5) D:13
 Depths (0/4) D:15        Ossuary (visited)           IceCv (visited)

Altars:
Ashenzari
Cheibriados
Dithmenos
Fedhas
Gozag
Hepliaklqana
Kikubaaqudgha
Makhleb
Nemelex Xobeh
Okawaru
Qazlal
Ru
Sif Muna
Trog
Uskayaw
Vehumet
Wu Jian
Xom
Yredelemnul
Jiyva

Shops:
D:1 [   D:2 :   D:8 ?   D:14 *   Orc:1 :   Orc:2 (?=:

Annotations:
Lair:4 3 runed translucent doors, Douraeg's ghost, journeyman OpTm; Ziam's ghost, journeyman GrBe


Innate Abilities, Weirdness & Mutations

You are immune to poison.
Your flesh is cold resistant. (rC+)
You are immune to negative energy. (rN+++)
You are immune to unholy pain and torment.
You are vulnerable to heat. (rF-)
You are strongly in touch with the powers of death.
You do not drink.
You have a special connection with the divine. (Faith)


Message History

The bog body attacks as you move away! You block the bog body's attack.
You enter the shallow water.
Moving in this stuff is going to be slow.
A shadow comes into view.
The shadow moves out of view.
Unknown command.
You spin and attack the great orb of eyes repeatedly.
You pummel the great orb of eyes!!
The great orb of eyes is moderately wounded.
Your unstable footing causes you to fumble your attack.
The great orb of eyes gazes at you.
Your mind is blasted!
* * * LOW HITPOINT WARNING * * *
The great orb of eyes bites you but does no damage.
You can't drink.
Okay, then.
Okay, then.
You spin and attack the bog body repeatedly.
Your unstable footing causes you to fumble your attack. x3
You hear a roar!
The bog body completely misses you.
Okay, then.
Okay, then.
Okay, then.
You can't drink.
Okay, then.
Why would you want to do that?
An orange demon comes into view.
You spin and attack the shadow repeatedly.
Your unstable footing causes you to fumble your attack.
You punch the shadow!
The shadow is severely damaged.
Your unstable footing causes you to fumble your attack.
You hear a roar!
The shadow hits you. The great orb of eyes gazes at you.
You suddenly lose the ability to move!
The orange demon stings you but does no damage.
The shadow hits you.
You die...

§#≈~#.?≈.#☼#§n#°#♣
#~#~~.~.#☼#§#○2#§##
~~≈~≈≈..~☼☼2○○☼☼≈~##
#~≈≈≈#~2#☼#§○#☼§#~##
#.≈#.~#§☼X#§§#☼÷#.##
#≈~#.≈..☼§○#☼☼#...##
#.≈♣~~#..☼#n4#≈#÷.#§##
##~≈~#~.#§#WG#§○###.#.##
~~~≈~..≈~~4§@§§☼○≈≈≈≈≈~~#
.~♣~~.≈.♣≈#§#§☼○###.#≈#.#
♣♣≈##≈..W#§♣~§§♣##≈#.#~.#
~~≈.~#~~~≈≈≈≈~~#.≈≈≈≈≈~.#
##~~..~~≈.#.~≈#~≈~~≈≈≈.~#
.#~≈♣≈≈~# ##~.#≈~.≈.≈.≈#
.#~≈#~#. #~#.≈≈≈.#≈#~#
#~#~~ ~≈#≈≈.#.#~##
$≈≈≈≈#~#~♣♣♣♣


You could see a great orb of eyes, 2 orange demons, a bog body and a shadow.

Vanquished Creatures
  Mlioglotl (Swamp:3)
  Gastronok (Lair:1)
  Frances (D:12)
  Louise (D:15)
  An emperor scorpion (D:15)
  The ghost of eliilek the Bludgeoner, a journeyman MiFi of Cheibriados (Swamp:2)
  3 eleionomae
  A dire elephant (D:15)
  7 bunyips
  An ettin (Orc:2)
  2 shambling mangroves
  Erolcha (D:9)
  16 hydras
  2 ghost crabs
  Fannar (D:12)
  An ogre mage (Orc:2)
  2 vault guards (D:13)
  2 ironbound frosthearts (IceCv)
  5 boulder beetles
  A catoblepas (Lair:5)
  A deep troll shaman (Lair:5)
  A dancing weapon (Elf:1)
  2 tengu warriors
  2 spriggan berserkers (Swamp:2)
  6 alligators
  4 two-headed ogres
  15 death yaks
  3 thrashing horrors (Swamp:4)
  Nergalle (D:10)
  A skyshark (Lair:5)
  Sonja (D:10)
  12 spriggans
  7 spriggan druids
  3 swamp dragons
  A lindwurm (Lair:5)
  11 bog bodies
  A wizard (D:13)
  2 necromancers (D:13)
  2 orc knights
  11 ugly things
  A deep elf pyromancer (Elf:1)
  11 orc sorcerers
  4 manticores
  5 will-o-the-wisps
  15 elephants
  3 cyclopes
  5 black mambas
  An ice statue (IceCv)
  A torpor snail (Lair:5)
  2 orange demons (Swamp:4)
  2 gargoyles
  13 cane toads
  A yaktaur (D:15)
  7 rime drakes
  An efreet (D:13)
  A tengu conjurer (D:14)
  7 komodo dragons
  2 unseen horrors
  A merfolk (D:15)
  8 tyrant leeches
  8 trolls
  15 hornets
  A meliai (shapeshifter) (D:15)
  Grinder (D:4)
  12 polar bears
  13 blink frogs
  8 slime creatures
  5 dream sheep (Lair:5)
  Sigmund (D:3)
  A centaur simulacrum (D:15)
  20 humans (D:13)
  4 wraiths
  A culicivora (shapeshifter) (D:15)
  2 vampires
  3 wyverns
  83 yaks
  5 basilisks
  3 steam dragons
  The ghost of safid the Chiller, an amateur MfIE (D:4)
  A vampire mosquito (D:11)
  21 swamp worms
  6 nagas (Lair:2)
  6 wargs (Orc:2)
  Duvessa (D:6)
  An acid dragon (D:11)
  11 orc warriors
  40 water moccasins
  An ice beast (D:7)
  2 black bears
  A black bear (shapeshifter) (D:13)
  5 swamp drakes
  55 wolves
  A boggart (D:6)
  3 centaurs
  7 ogres
  3 kobold brigands
  3 phantoms (D:6)
  A gnoll sergeant (D:6)
  13 bullfrogs
  A scorpion (Lair:1)
  9 wights
  Dowan (D:6)
  2 howler monkeys
  5 electric eels
  2 jellies (D:7)
  10 hounds
  11 orc priests
  Jessica (D:2)
  Terence (D:2)
  Natasha (thrice) (D:4)
  3 iguanas
  38 orc wizards
  6 hell rats (Lair:3)
  A mummy (Ossuary)
  15 gnolls
  18 adders
  A shadow imp (D:7)
  3 white imps
  An ufetubus (D:7)
  2 adder zombies (D:2)
  An adder skeleton (D:2)
  2 worms (D:3)
  4 dart slugs
  67 orcs
  2 spectral bats (Ossuary)
  5 ball pythons
  5 bats
  A bat skeleton (D:2)
  A bat zombie (D:2)
  4 endoplasms
  4 giant cockroaches
  5 hobgoblins
  2 jackals (D:1)
  22 kobolds
  A ball python skeleton (D:2)
  3 bat simulacra (Ossuary)
  4 frilled lizards
  A giant cockroach zombie (D:2)
  12 gnoll zombies (Ossuary)
  4 goblins (D:1)
  3 goblin simulacra (Ossuary)
  3 goblin zombies (Ossuary)
  7 hobgoblin zombies (Ossuary)
  5 kobold simulacra (Ossuary)
  5 kobold zombies (Ossuary)
  3 orc zombies (Ossuary)
  7 rats
  2 rat simulacra (Ossuary)
  4 spectral goblins (Ossuary)
  A spectral kobold (Ossuary)
  A spectral weapon (Swamp:1)
923 creatures vanquished.

Vanquished Creatures (others)
  A bloated husk (Swamp:2)
  10 foxfires (Swamp:3)
11 creatures vanquished.

Grand Total: 934 creatures vanquished

Notes
Turn   | Place    | Note
-------+----------+-------------------------------------------
     0 | D:1      | sizableburger the Mummy Monk began the quest for the Orb.
     0 | D:1      | Reached XP level 1. HP: 18/18 MP: 1/1
    81 | D:1      | Found Zoihir's Armour Shop.
   222 | D:1      | Reached XP level 2. HP: 23/24 MP: 2/2
   377 | D:1      | Reached skill level 3 in Unarmed Combat
   452 | D:1      | Gained mutation: You are in touch with the powers of death.
                  | [Mummy growth]
   452 | D:1      | Reached XP level 3. HP: 29/29 MP: 3/3
   671 | D:2      | Noticed Jessica
   673 | D:2      | Identified a scroll of acquirement
   682 | D:2      | Killed Jessica
   683 | D:2      | Acquired 424 gold pieces
   718 | D:1      | Bought a +2 helmet for 231 gold pieces
   825 | D:2      | Reached XP level 4. HP: 36/37 MP: 4/4
   828 | D:2      | Found Urauwatikk's Book Boutique.
   859 | D:2      | Noticed Terence
   894 | D:2      | HP: 1/37 [Terence/+0 mace (5)]
   895 | D:2      | Killed Terence
  1402 | D:3      | Reached XP level 5. HP: 30/43 MP: 5/5
  1435 | D:3      | Noticed Sigmund
  1594 | D:4      | Reached skill level 4 in Unarmed Combat
  1595 | D:4      | Noticed Natasha
  1604 | D:4      | Killed Natasha
  1605 | D:4      | Reached skill level 5 in Fighting
  1614 | D:4      | Noticed Natasha
  1626 | D:4      | Killed Natasha
  1841 | D:3      | Killed Sigmund
  1842 | D:3      | Reached XP level 6. HP: 33/52 MP: 6/6
  2270 | D:4      | Noticed Natasha
  2282 | D:4      | Killed Natasha
  2354 | D:4      | Found a transporter.
  2568 | D:4      | Noticed Grinder
  2586 | D:4      | Killed Grinder
  2587 | D:4      | Reached skill level 5 in Unarmed Combat
  2587 | D:4      | Reached XP level 7. HP: 50/59 MP: 7/7
  2686 | D:4      | Found a transporter.
  2689 | D:4      | Noticed safid's ghost (amateur MfIE)
  2839 | D:4      | Killed safid's ghost
  2840 | D:4      | Reached skill level 1 in Armour
  3019 | D:5      | Entered Level 5 of the Dungeon
  3173 | D:5      | Reached skill level 6 in Unarmed Combat
  3173 | D:5      | Reached XP level 8. HP: 47/65 MP: 8/8
  3190 | D:5      | Found a staircase to the Ecumenical Temple.
  3201 | Temple   | Entered the Ecumenical Temple
  3570 | Temple   | Became a worshipper of the Wu Jian Council
  3570 | Temple   | Reached * piety under Wu Jian
  3570 | Temple   | Reached ** piety under Wu Jian
  3888 | D:5      | Found a broken altar of Ashenzari.
  4209 | D:6      | Noticed Duvessa
  4209 | D:6      | Noticed Dowan
  4374 | D:6      | Killed Duvessa
  4388 | D:6      | Killed Dowan
  4446 | D:6      | Found a sand-covered staircase.
  4452 | Ossuary  | Entered an ossuary
  4525 | Ossuary  | Reached *** piety under Wu Jian
  4774 | Ossuary  | Reached **** piety under Wu Jian
  5136 | D:6      | Reached skill level 7 in Unarmed Combat
  5211 | D:6      | Identified the +8 falchion of Ethereal Judgement {drain,
                  | rPois Int+4}
  5451 | D:6      | Noticed Maggie
  5457 | D:6      | Maggie changed into Maggie the boggart
  5457 | D:6      | Noticed Maggie
  5460 | D:6      | Killed Maggie the boggart
  5727 | D:6      | Reached XP level 9. HP: 63/74 MP: 9/9
  6103 | D:7      | Found an ancient bone altar of Kikubaaqudgha.
  6125 | D:7      | Acquired the +1 pair of gloves of Darkness {rF+}
  6354 | D:7      | Found a basalt altar of Yredelemnul.
  6354 | D:7      | Found a stormy altar of Qazlal.
  6776 | D:8      | Reached skill level 8 in Unarmed Combat
  6790 | D:8      | Reached ***** piety under Wu Jian
  6827 | D:8      | Noticed a troll
  6861 | D:8      | Killed a troll
  6862 | D:8      | Reached skill level 9 in Unarmed Combat
  7053 | D:8      | Found a staircase to the Lair.
  7889 | D:8      | Found Ysi Peif's Magic Scroll Shop.
  7896 | D:8      | Bought a scroll of acquirement for 572 gold pieces
  7896 | D:8      | Acquired a manual of Unarmed Combat
  8124 | D:9      | Reached skill level 10 in Unarmed Combat
  8134 | D:9      | Reached XP level 10. HP: 80/80 MP: 10/10
  8385 | D:9      | Reached skill level 11 in Unarmed Combat
  8547 | D:9      | Noticed Erolcha
  8564 | D:9      | Killed Erolcha
  8565 | D:9      | Reached skill level 12 in Unarmed Combat
  9158 | D:9      | Reached skill level 13 in Unarmed Combat
  9452 | D:10     | Entered Level 10 of the Dungeon
  9705 | D:10     | Noticed Nergalle
  9725 | D:10     | Killed Nergalle
  9903 | D:10     | Reached skill level 14 in Unarmed Combat
  9946 | D:10     | Noticed a gargoyle
  9966 | D:10     | Killed a gargoyle
 10227 | D:10     | Noticed Sonja
 10227 | D:10     | Paralysed by Sonja for 2 turns
 10233 | D:10     | Paralysed by Sonja for 5 turns
 10238 | D:10     | Killed Sonja
 10239 | D:10     | Reached XP level 11. HP: 86/86 MP: 11/11
 10606 | Lair:1   | Entered Level 1 of the Lair of Beasts
 10645 | Lair:1   | Reached skill level 1 in Throwing
 10725 | Lair:1   | Reached skill level 15 in Unarmed Combat
 10726 | Lair:1   | Found a frozen archway.
 10846 | IceCv    | Entered an ice cave
 10959 | IceCv    | Noticed a death yak
 10959 | IceCv    | Noticed a death yak
 10987 | IceCv    | Killed a death yak
 11014 | IceCv    | Killed a death yak
 11043 | IceCv    | Noticed a death yak
 11054 | IceCv    | Killed a death yak
 11101 | IceCv    | Reached ****** piety under Wu Jian
 11679 | IceCv    | Reached skill level 5 in Armour
 11679 | IceCv    | Reached XP level 12. HP: 78/95 MP: 12/12
 11789 | IceCv    | Noticed a death yak
 11800 | IceCv    | Killed a death yak
 12038 | IceCv    | Noticed a death yak
 12038 | IceCv    | Noticed an ironbound frostheart
 12038 | IceCv    | Noticed a death yak
 12038 | IceCv    | Noticed an ironbound frostheart
 12159 | IceCv    | Noticed a death yak
 12161 | IceCv    | Killed an ironbound frostheart
 12446 | IceCv    | Killed a death yak
 12527 | IceCv    | Killed an ironbound frostheart
 12528 | IceCv    | Reached skill level 16 in Unarmed Combat
 12700 | IceCv    | Killed a death yak
 12702 | IceCv    | Reached skill level 10 in Fighting
 12712 | IceCv    | Killed a death yak
 12765 | IceCv    | Identified the +4 mace "Asageu Haced" {venom, rPois Str-4
                  | Int+7}
 12974 | Lair:1   | Noticed Gastronok
 13003 | Lair:1   | Killed Gastronok
 14226 | Lair:2   | Gained mutation: You are strongly in touch with the powers
                  | of death. [Mummy growth]
 14226 | Lair:2   | Reached XP level 13. HP: 78/105 MP: 13/13
 15283 | Lair:2   | Found a staircase to the Snake Pit.
 16208 | Lair:2   | Found a staircase to the Swamp.
 16947 | Lair:3   | Reached skill level 17 in Unarmed Combat
 17519 | Lair:4   | Identified the amulet "Apirchef" {Reflect -Tele MP+9 Str+2
                  | Dex+9 SH+5}
 17743 | Lair:4   | Reached XP level 14. HP: 73/116 MP: 14/14
 18217 | Lair:4   | Found a dark tunnel.
 18239 | Lair:4   | Found a staircase to the Slime Pits.
 18239 | Lair:4   | Found a viscous altar of Jiyva.
 18408 | Lair:4   | Found a runed translucent gate.
 18408 | Lair:4   | Found a runed translucent gate.
 18408 | Lair:4   | Found a runed translucent gate.
 18412 | Lair:4   | Noticed Ziam's ghost (journeyman GrBe)
 18412 | Lair:4   | Noticed Douraeg's ghost (journeyman OpTm)
 18823 | Lair:5   | Entered Level 5 of the Lair of Beasts
 19442 | Lair:5   | Reached skill level 10 in Armour
 21396 | D:11     | Found a staircase to the Orcish Mines.
 21951 | Orc:1    | Entered Level 1 of the Orcish Mines
 22012 | Orc:1    | Found Mokuel's Book Shop.
 22421 | Orc:2    | Entered Level 2 of the Orcish Mines
 23061 | Orc:2    | Found a staircase to the Elven Halls.
 23140 | Orc:2    | Reached XP level 15. HP: 126/126 MP: 15/15
 23568 | Orc:2    | Reached skill level 18 in Unarmed Combat
 23588 | Orc:2    | Paralysed by an orc sorcerer for 2 turns
 23671 | Orc:2    | Found Mecucs's Magic Scroll Shoppe.
 23691 | Orc:2    | Found a radiant altar of Vehumet.
 23701 | Orc:2    | Paralysed by an ogre mage for 3 turns
 23803 | Orc:2    | Found Innox's Antique Weapon Emporium.
 23807 | Orc:2    | Found Lugrugha's Book Shoppe.
 23816 | Orc:2    | Found Tuvileik's Jewellery Emporium.
 23857 | Orc:2    | Found an ancient bone altar of Kikubaaqudgha.
 23965 | Orc:2    | Identified the amulet of Giypnac {Faith Harm +Blink rF-
                  | MP+9 Stlth-}
 24305 | Elf:1    | Entered Level 1 of the Elven Halls
 24895 | D:12     | Noticed Frances
 24914 | D:12     | Killed Frances
 25069 | D:12     | Noticed Fannar
 25085 | D:12     | Killed Fannar
 25136 | D:12     | Reached skill level 1 in Evocations
 26335 | D:13     | Found a gate to the Vaults.
 26937 | D:14     | Found Lootuneo's Assorted Antiques.
 27691 | D:15     | Entered Level 15 of the Dungeon
 27742 | D:15     | Noticed Louise
 27766 | D:15     | Killed Louise
 27923 | D:15     | Acquired a manual of Dodging
 28183 | D:15     | Reached skill level 15 in Fighting
 28210 | D:15     | Reached skill level 5 in Dodging
 28716 | D:15     | Noticed an emperor scorpion
 28733 | D:15     | Killed an emperor scorpion
 28946 | D:15     | Found a staircase to the Depths.
 29026 | D:15     | Reached XP level 16. HP: 136/136 MP: 16/16
 29391 | Swamp:1  | Entered Level 1 of the Swamp
 29391 | Swamp:1  | Found a transporter.
 29403 | Swamp:1  | Identified the +0 dagger of Ignis's Envy {elec, Stlth+}
 29516 | Swamp:1  | Found a transporter.
 29521 | Swamp:1  | Identified the ring "Ruiluxon" {Wiz Dex+3}
 29526 | Swamp:1  | Identified the +0 cloak of Feduag {rF- Dex+3}
 30943 | Swamp:2  | Found a runed translucent door.
 30943 | Swamp:2  | Noticed eliilek's ghost (journeyman MiFi)
 31465 | Swamp:2  | Killed eliilek's ghost
 31466 | Swamp:2  | Reached skill level 19 in Unarmed Combat
 32804 | Swamp:3  | Noticed Mlioglotl
 32814 | Swamp:3  | Killed Mlioglotl
 33125 | Swamp:4  | Entered Level 4 of the Swamp
 33753 | Swamp:4  | Reached XP level 17. HP: 104/143 MP: 17/17
 34026 | Swamp:4  | HP: 2/144 [disintegration (42)]
 34028 | Swamp:4  | Paralysed by a great orb of eyes for 4 turns
 34028 | Swamp:4  | Slain by a shadow

Illustrated notes

Levels and vault maps discovered:
D:1:      erik_arrival_triangle_small, layout_rooms, serial_shops, shop,
          minmay_pentomino_u2
D:2:      layout_rooms, serial_undead, serial_undead_f, serial_undead_f,
          serial_undead_a, serial_undead_a, serial_shops, nicolae_diamond_shop,
          uniq_terence, uniq_jessica
D:3:      layout_loops_ring, cheibrodos_sewer_entry_bend, uniq_sigmund
D:4:      layout_gridville, gammafunk_ghost_gnarly_gnolls, uniq_grinder,
          uniq_natasha
D:5:      layout_basic, evilmike_ruin_ashenzari,
          minmay_temple_entry_glassed_door
D:6:      layout_basic, nicolae_ossuary_entry_plus, nicolae_sextant,
          uniq_maggie, uniq_duvessa
D:7:      layout_rooms, nicolae_kikubaaqudgha_miasma_corner,
          jmf_multi_god_temple
D:8:      layout_basic, erik_lair_island, serial_shops, shop
D:9:      layout_basic, minmay_misc_feat_nine_boxes, uniq_erolcha
D:10:     layout_loops_corners, uniq_nergalle, uniq_sonja
D:11:     layout_stronghold, orc_0_dummy, minmay_bent
D:12:     layout_grid_maze, uniq_fannar, uniq_frances
D:13:     layout_roguey, grunt_vaults_entry_tiered
D:14:     layout_irregular_city, serial_shops, shop
D:15:     hangedman_depths_entry_try_elsewhere_first, layout_gridville,
          grunt_decor_fettered, uniq_louise
Temple:   dpeg_five_rooms_temple
Lair:1:   layout_small_grid, portal_ice_cave_rime, columned_hall_lemuel,
          grunt_megastairs_1, uniq_gastronok
Lair:2:   lemuel_reptile_caves, layout_long_grid,
          nicolae_swamp_entry_splash_gauntlet,
          minmay_snake_entry_guardpost_medium, infiniplex_staircase_pool_2,
          grunt_megastairs_5
Lair:3:   layout_concentric_octagons, chequers_serial_rivers_room_b
Lair:4:   layout_loops_ring, slime_entry_1, nicolae_volcano_entry_lava_flow,
          gammafunk_ghost_cemetery, grunt_megastairs_2
Lair:5:   grunt_lair_end_beastmaster, layout_cave_pods,
          chequers_serial_rivers_marsh, serial_bayou_shore_a,
          lemuel_fruit_fields
Swamp:1:  gammafunk_worm_tunnel, layout_basic_swamp,
          evilmike_swamp_ruin_house_3, swamp_pool3, nicolae_swamp_trees_clearing
Swamp:2:  layout_basic_swamp, hellmonk_ghost_happy_afterlife,
          nicolae_swamp_bean_lake
Swamp:3:  layout_falls_marsh, evilmike_swamp_ruin_rubble_2, swamp_pool1,
          uniq_mlioglotl
Swamp:4:  swamp_vile, layout_basic_swamp
Orc:1:    layout_diamond_mine, serial_shops, shop
Orc:2:    kennysheep_orc_mage_school, layout_caves, nicolae_orc_pool_cavern,
          nooodl_orcs_dogs
Elf:1:    layout_gridlike, kennysheep_underground_church

Skill      XL: |  1  2  3  4  5  6  7  8  9 10 11 12 13 14 15 16 |
---------------+-------------------------------------------------+-----
Unarmed Combat | 3 4 5 6 7 10 14 15 16 17 18 19 | 19.4
Fighting       | 4 5 6 8 9 10 12 14 15 | 15.9
Armour         | 2 3 5 7 9 10 11 12 | 12.3
Throwing       | 4 |  4.0
Dodging        | 5 9 |  9.5
Evocations     | 3 |  3.8

Action                     |  1- 3 |  4- 6 |  7- 9 | 10-12 | 13-15 | 16-18 || total
---------------------------+-------+-------+-------+-------+-------+-------++-------
  Melee: Unarmed           |   122 |   193 |   656 |   665 |  1725 |   713 ||  4074
  Throw: Throwing net      |       |       |     1 |     3 |       |       ||     4
 Invoke: Serpent's Lash    |       |       |       |       |     2 |     3 ||     5
         Heavenly Storm    |       |       |       |       |       |     2 ||     2
Ability: Lunge             |       |       |    34 |    34 |    94 |    27 ||   189
         Whirlwind         |       |       |     8 |    41 |    83 |    88 ||   220
  Evoke: Wand              |       |       |    10 |     8 |       |       ||    18
         Phial of floods   |       |       |       |       |     1 |       ||     1
         Phantom mirror    |       |       |       |       |     1 |       ||     1
    Use: Scroll            |     2 |     1 |    14 |     6 |     6 |     6 ||    35
   Stab: Held in net/web   |       |       |       |     3 |       |       ||     3
         Confused          |       |       |       |       |     2 |       ||     2
         Petrified         |       |       |       |       |     7 |       ||     7
         Petrifying        |       |       |       |       |     1 |       ||     1
         Distracted        |       |       |       |       |       |     2 ||     2
         Fleeing           |       |       |       |       |       |     1 ||     1
 Armour: Robe              |    35 |       |       |       |       |       ||    35
         Leather armour    |     9 |    41 |       |       |       |       ||    50
         Scale mail        |       |    22 |   193 |       |       |       ||   215
         Swamp dragon scal |       |       |   148 |   301 |   747 |       ||  1196
         Crystal plate arm |       |       |       |    23 |     5 |   177 ||   205
         Plate armour      |       |       |       |       |   350 |   274 ||   624
  Dodge: Dodged            |    70 |    98 |   301 |   240 |   659 |   268 ||  1636
  Block: Orb               |       |       |       |       |     1 |    45 ||    46
